 Dungeon Crawl Stone Soup version 0.29.1-12-g30fa7ad0bf (webtiles) character file.

Game seed: 4020566527944828241

28414 DildoBatman the Geomancer (level 13, -13/84 (86) HPs)
             Began as a Formicid Conjurer on Jan 8, 2023.
             Was an Initiate of Gozag.
             Mangled by a boulder beetle (20 damage)
             ... on level 14 of the Dungeon.
             The game lasted 00:57:41 (16284 turns).

DildoBatman the Geomancer (Formicid Conjurer)      Turns: 16284, Time: 00:57:42

HP:   -13/84 (86)   AC:  9    Str:  6    XL:     13   Next: 73%
MP:   18/26         EV: 13    Int: 33    God:    Gozag
Gold: 1733          SH:  5    Dex:  9    Spells: 13/30 levels left

rFire   + . .      SeeInvis +   b - +9 trident of Ashenzari's Reproof {vorpal, rF+ rC++ rCorr Str-5}
rCold   + + .      Faith    .   M - +0 buckler
rNeg    . . .      Spirit   .   n - +0 steam dragon scales
rPois   .          Reflect  .   (helmet unavailable)
rElec   .          Harm     .   (no cloak)
rCorr   +          Rampage  .   o - +0 pair of gloves
Will    +....                   O - +0 pair of boots
Stlth   ++........              r - amulet of regeneration
HPRegen 1.04/turn               H - +6 ring of intelligence
MPRegen 0.20/turn               u - ring of wizardry

@: lightly drained
A: permanent stasis, dig shafts and tunnels, antennae 3, four strong arms,
clever 1, clumsy 1, frail 1, evolution 1
a: Dig, Shaft Self, Renounce Religion, Potion Petition, Call Merchant, Bribe
Branch


You were on level 14 of the Dungeon.
You worshipped Gozag.
Gozag was most pleased with you.
You visited 3 branches of the dungeon, and saw 17 of its levels.
You also visited: Bailey.

You collected 2260 gold pieces.
You paid 527 gold pieces to Gozag.

Inventory:

Hand Weapons
 b - the +9 trident of Ashenzari's Reproof (weapon) {vorpal, rF+ rC++ rCorr Str-5}
   (You found it on level 7 of the Dungeon)

   It inflicts extra damage upon your enemies.
   Str:       It affects your strength (-5).
   rF:        It protects you from fire.
   rC:        It greatly protects you from cold.
   rCorr:     It protects you from acid and corrosion.
 c - a +4 arbalest
 d - the +1 flail of the Lesser Evil {elec, rPois rN+}
   (You found it in a bailey)

   It occasionally discharges a powerful burst of electricity upon striking a
   foe.
   rPois:     It protects you from poison.
   rN:        It protects you from negative energy.
 e - a +4 scimitar of flaming
Missiles
 x - 18 poisoned darts
 Q - 4 curare-tipped darts
 W - a throwing net
Armour
 n - +0 steam dragon scales (worn)
 o - a +0 pair of gloves (worn)
 s - a +2 robe of cold resistance
 y - a +2 ring mail of willpower
 M - a +0 buckler (worn)
 O - a +0 pair of boots (worn)
Magical Staves
 a - a staff of earth
Jewellery
 r - an amulet of regeneration (around neck)
 u - a ring of wizardry (right hand)
 H - a +6 ring of intelligence (left hand)
Wands
 G - a wand of quicksilver (12)
 T - a wand of paralysis (8)
 U - a wand of flame (16)
 V - a wand of digging (11)
Scrolls
 h - 2 scrolls of amnesia {unknown}
 k - 3 scrolls of blinking {unknown}
 l - a scroll of butterflies {unknown}
 q - 5 scrolls of enchant weapon
 v - 2 scrolls of poison {unknown}
 z - 3 scrolls of identify
 A - a scroll of silence {unknown}
 B - 3 scrolls of enchant armour {unknown}
 C - 5 scrolls of immolation
 J - a scroll of torment {unknown}
 L - a scroll of brand weapon {unknown}
 S - a scroll of summoning {unknown}
Potions
 f - a potion of degeneration {unknown}
 g - 3 potions of heal wounds
 i - 6 potions of curing
 j - a potion of ambrosia {unknown}
 m - 2 potions of invisibility
 t - 2 potions of mutation
 w - 5 potions of brilliance
 F - a potion of magic
 I - 5 potions of lignification
 K - a potion of berserk rage {unknown}
 N - a potion of might {unknown}
 P - a potion of resistance {unknown}
 X - 2 potions of flight {unknown}
Miscellaneous
 p - a lightning rod (4/4)
 R - a phial of floods


   Skills:
 * Level 7.4 Fighting
 * Level 7.4 Armour
 * Level 5.4 Dodging
 - Level 2.4 Stealth
 * Level 7.2 Shields
 * Level 9.4 Spellcasting
 - Level 6.0 Conjurations
 - Level 12.0 Necromancy
 - Level 12.0 Earth Magic


You had 13 spell levels left.
You knew the following spells:

 Your Spells              Type           Power      Damage    Failure   Level
a - Borgnjor's Vile Clut  Necr/Erth      38%        N/A       1%          5
b - Stone Arrow           Conj/Erth      100%       3d13      1%          3
c - Searing Ray           Conj           100%       2d8       1%          2
d - Vampiric Draining     Necr           76%        2d11      1%          3
e - Conjure Flame         Conj/Fire      35%        6-21      1%          3
f - Magic Dart            Conj           100%       1d8       1%          1

Your spell library contained the following spells:

 Spells                   Type           Power      Damage    Failure   Level
 Apportation              Tloc           30%        N/A       1%          1
 Necrotise                Necr           100%       1d9       1%          1
 Summon Small Mammal      Summ           60%        N/A       1%          1
 Dazzling Flash           Conj/Hex       70%        N/A       1%          3
 Anguish                  Hex/Necr       26%        N/A       1%          4
 Animate Armour           Summ/Erth      100%       N/A       1%          4
 Agony                    Necr           76%        N/A       1%          5
 Death Channel            Necr           38%        N/A       1%          6
 Gell's Gravitas          Tloc           15%        N/A       4%          3
 Ignite Poison            Fire/Tmut/Pois 15%        N/A       4%          3
 Teleport Other           Tloc           15%        N/A       4%          3
 Fulminant Prism          Conj/Hex       17%        3d11      4%          4
 Hailstorm                Conj/Ice       35%        3d9       4%          4
 Iskenderun's Mystic Bla  Conj/Tloc      35%        2d8       4%          4
 Sticky Flame             Conj/Fire      35%        2d5       4%          4
 Fireball                 Conj/Fire      17%        3d9       12%         5
 Ice Form                 Ice/Tmut       15%        N/A       14%         4
 Starburst                Conj/Fire      17%        6d6       52%         6
 Borgnjor's Revivificati  Necr           38%        N/A       52%         8
 Infestation              Necr           38%        N/A       52%         8
 Haunt                    Necr/Summ      26%        N/A       67%         7
 Dispersal                Tloc           7%         N/A       89%         6
 Lehudib's Crystal Spear  Conj/Erth      33%        10d8      90%         8
 Malign Gateway           Summ/Tloc      7%         N/A       100%        7
 Ignition                 Fire           7%         3d5       100%        8
 Necromutation            Tmut/Necr      26%        N/A       100%        8
 Summon Horrible Things   Summ           7%         N/A       100%        8
 Death's Door             Necr           38%        N/A       100%        9
 Animate Dead             Necr           Unusable   N/A       N/A         4
 Corpse Rot               Necr/Pois/Air  Unusable   N/A       N/A         4
 Simulacrum               Ice/Necr       Unusable   N/A       N/A         6

Dungeon Overview and Level Annotations

Branches:
Dungeon (14/15)            Temple (1/1) D:4            Lair (0/5) D:10
    Orc (2/2) D:12            Elf (0/3) Orc:2        Bailey (visited)
 Vaults: D:13-14

Altars:
Ashenzari
Cheibriados
Dithmenos
Elyvilon
Fedhas
Gozag
Hepliaklqana
Kikubaaqudgha
Makhleb
Nemelex Xobeh
Okawaru
Qazlal
Ru
Sif Muna
Trog
Uskayaw
Vehumet
Wu Jian
Xom
Yredelemnul
Zin
The Shining One

Shops:
D:4 [   D:12 (   Orc:1 (   Orc:2 [:[!:

Portals:
Trove: D:11 (give +3 fire dragon scales)


Innate Abilities, Weirdness & Mutations

You cannot be hasted, slowed, berserked, paralysed or teleported.
You can dig through walls and to a lower floor.
You have a pair of large antennae on your head. (SInv)
Your four strong arms can wield two-handed weapons with a shield.
Your mind is acute. (Int +4, Str/Dex -1)
You are clumsy. (Dex -2)
You are frail. (-10% HP)
You have hidden genetic potential.


Message History

You puncture the boulder beetle!
The boulder beetle is lightly wounded.
The zombie hands constrict the boulder beetle, but do no damage.
The zombie hands release their grip on the boulder beetle.
The boulder beetle bites you! The boulder beetle misses you.
Casting: Borgnjor's Vile Clutch (mildly dangerous; 1% risk of failure)
Confirm with . or Enter, or press ? or * to list all spells.
Aiming: Borgnjor's Vile Clutch (mildly dangerous; 1% risk of failure)
Press: ? - help, Shift-Dir - straight line, f/p - boulder beetle
Aim: a boulder beetle (lightly wounded, 100% to hit)
Kikubaaqudgha does not allow the disloyal to dabble in death!
You convulse helplessly as pain tears through your body.
You feel drained.
Zombie hands grab the boulder beetle.
The zombie hands constrict the boulder beetle.
The boulder beetle bites you!!
You hit the boulder beetle but do no damage.
The boulder beetle is lightly wounded.
The zombie hands constrict the boulder beetle.
The boulder beetle bites you but does no damage.
You hit the boulder beetle but do no damage.
The boulder beetle is moderately wounded.
The zombie hands constrict the boulder beetle.
The boulder beetle bites you!
You hit the boulder beetle but do no damage.
The boulder beetle is moderately wounded.
The zombie hands constrict the boulder beetle!
The boulder beetle bites you! x2
You hit the boulder beetle.
The boulder beetle is heavily wounded.
The zombie hands constrict the boulder beetle!
The boulder beetle closely misses you.
You hit the boulder beetle but do no damage.
The boulder beetle is severely wounded.
The zombie hands constrict the boulder beetle!!
The boulder beetle waves its antennae.
The boulder beetle bites you!!
You die...
Your body crumbles into a pile of gold.

$
.....[[.......#
.............$#
..............#
..............#
:.....$.......#
....).........#
.......B......#
.......@......#
......######..#
..... .... ...
.#


You could see a boulder beetle (clutched).

Vanquished Creatures
  2 boulder beetles
  A hydra (D:13)
  Erolcha (Orc:1)
  3 two-headed ogres
  A centaur warrior (D:13)
  An orc high priest (Orc:1)
  2 orc knights (Orc:2)
  2 deep elf pyromancers (D:13)
  2 orc sorcerers
  An ugly thing (D:13)
  A manticore (D:13)
  6 cyclopes
  A gargoyle (Bailey)
  2 unseen horrors
  An efreet (D:13)
  3 trolls
  A hornet (D:10)
  3 slime creatures
  2 wyverns (D:9)
  3 shadows
  2 vampires
  9 yaks
  3 wraiths
  A steam dragon (D:8)
  8 vampire mosquitoes (D:12)
  3 wargs
  4 acid dragons
  2 water moccasins
  32 orc warriors
  A black bear (D:5)
  2 ice beasts
  4 ogres
  21 centaurs
  A kobold brigand (D:10)
  2 phantoms
  2 bullfrogs
  A necrophage (D:5)
  2 gnoll sergeants (D:7)
  3 scorpions (D:6)
  A wyvern zombie (D:5)
  14 wights
  14 killer bees
  6 vampire bats (Bailey)
  4 howler monkeys
  9 wolf zombies (Bailey)
  A human zombie (D:5)
  2 bullfrog zombies (D:5)
  5 hounds
  17 orc priests
  2 gnoll boudas (D:6)
  3 jellies
  5 iguanas
  Terence (D:2)
  22 orc wizards
  2 scorpion zombies (D:5)
  2 hound zombies (D:5)
  A mummy (D:5)
  23 gnolls
  4 adders
  A shadow imp (D:5)
  A white imp (D:6)
  2 ufetubi (D:6)
  2 worms (D:3)
  A dart slug (D:1)
  70 orcs
  6 ball pythons
  4 bats
  7 endoplasms
  2 giant cockroaches
  9 hobgoblins
  2 jackals (D:3)
  11 kobolds
  7 quokkas
  2 frilled lizards
  15 goblins
  17 orc zombies (Bailey)
  5 rats
444 creatures vanquished.

Vanquished Creatures (others)
  2 orc wizards
  An orc (D:8)
  11 plants (D:10)
14 creatures vanquished.

Grand Total: 458 creatures vanquished

Notes
Turn   | Place    | Note
-------+----------+-------------------------------------------
     0 | D:1      | DildoBatman the Formicid Conjurer began the quest for the
                  | Orb.
     0 | D:1      | Reached XP level 1. HP: 13/13 MP: 3/3
   159 | D:1      | Reached XP level 2. HP: 16/20 MP: 0/5
   173 | D:1      | Learned a level 2 spell: Searing Ray
   832 | D:1      | Reached skill level 1 in Armour
   867 | D:1      | Reached skill level 1 in Fighting
   867 | D:1      | Reached XP level 3. HP: 26/26 MP: 2/6
  1004 | D:1      | Found a faded altar of an unknown god.
  1750 | D:2      | Noticed Terence
  1891 | D:2      | Reached XP level 4. HP: 10/32 MP: 4/8
  2516 | D:3      | Found a broken altar of Ashenzari.
  2579 | D:3      | Reached XP level 5. HP: 38/38 MP: 4/9
  3140 | D:3      | Found a shimmering blue altar of Sif Muna.
  3561 | D:4      | Found Neocimer's Antique Armour Shop.
  3611 | D:4      | Reached XP level 6. HP: 46/46 MP: 1/11
  3655 | D:4      | You fall into a shaft and drop 1 floor!
  3655 | D:5      | Entered Level 5 of the Dungeon
  4062 | D:5      | Found an ancient bone altar of Kikubaaqudgha.
  4070 | D:5      | Reached XP level 7. HP: 44/52 MP: 4/13
  4078 | D:5      | Became a worshipper of Kikubaaqudgha
  4118 | D:5      | Reached skill level 5 in Conjurations
  4212 | D:2      | You fall into a shaft and drop 1 floor!
  4262 | D:2      | Killed Terence
  4311 | D:4      | Found a staircase to the Ecumenical Temple.
  4411 | D:4      | Found a sparkling altar of Nemelex Xobeh.
  4707 | D:4      | Found a shimmering altar of Xom.
  4762 | D:4      | Found a blossoming altar of Fedhas.
  4942 | Temple   | Entered the Ecumenical Temple
  5113 | D:5      | Reached * piety under Kikubaaqudgha
  5113 | D:5      | Received a gift from Kikubaaqudgha
  5123 | D:5      | Reached skill level 5 in Spellcasting
  5239 | D:5      | Reached XP level 8. HP: 58/58 MP: 10/16
  5264 | D:5      | Learned a level 3 spell: Stone Arrow
  5268 | D:5      | Learned a level 3 spell: Vampiric Draining
  5275 | D:5      | Reached skill level 1 in Earth Magic
  6037 | D:6      | Found an ornate altar of the Wu Jian Council.
  6133 | D:6      | Reached skill level 5 in Earth Magic
  6133 | D:6      | Reached XP level 9. HP: 51/63 MP: 8/19
  6381 | D:6      | Reached ** piety under Kikubaaqudgha
  7171 | D:7      | Found a flagged portal.
  7177 | D:7      | Reached *** piety under Kikubaaqudgha
  7177 | D:7      | Received a gift from Kikubaaqudgha
  7184 | D:7      | Learned a level 5 spell: Borgnjor's Vile Clutch
  7253 | D:7      | Reached skill level 1 in Necromancy
  7315 | D:7      | Reached XP level 10. HP: 42/70 MP: 4/20
  7344 | D:7      | Identified the +9 trident of Ashenzari's Reproof {vorpal,
                  | rF+ rC++ rCorr Str-5}
  7372 | D:7      | Found a shadowy altar of Dithmenos.
  7450 | Bailey   | Entered a bailey
  7622 | Bailey   | Reached skill level 5 in Necromancy
  7753 | Bailey   | Noticed a gargoyle
  7807 | Bailey   | Reached **** piety under Kikubaaqudgha
  7882 | Bailey   | Killed a gargoyle
  7949 | Bailey   | Identified the +1 flail of the Lesser Evil {elec, rPois
                  | rN+}
  8977 | D:8      | Reached ***** piety under Kikubaaqudgha
  9657 | D:9      | Reached XP level 11. HP: 72/75 MP: 15/21
 10248 | D:10     | Entered Level 10 of the Dungeon
 10328 | D:10     | Reached skill level 5 in Fighting
 10328 | D:10     | Reached skill level 5 in Armour
 10409 | D:10     | Noticed a two-headed ogre
 10423 | D:10     | Killed a two-headed ogre
 10526 | D:10     | Found a staircase to the Lair.
 10782 | D:11     | Noticed a two-headed ogre
 10785 | D:11     | Noticed a two-headed ogre
 10790 | D:10     | Killed a two-headed ogre
 10830 | D:11     | Reached skill level 10 in Earth Magic
 11343 | D:11     | Reached skill level 10 in Necromancy
 11564 | D:11     | Found a portal to a secret trove of treasure.
 11658 | D:11     | Killed a two-headed ogre
 11804 | D:12     | Noticed a boulder beetle
 11831 | D:12     | Killed a boulder beetle
 11832 | D:12     | Reached XP level 12. HP: 38/86 MP: 10/24
 12427 | D:12     | Found a staircase to the Orcish Mines.
 12482 | D:12     | Found Xexahup's Weapon Emporium.
 12620 | D:12     | Learned a level 3 spell: Conjure Flame
 12621 | Orc:1    | Entered Level 1 of the Orcish Mines
 12666 | Orc:1    | Noticed a sixfirhy
 12690 | D:12     | HP: 1/85 [orc warrior/+0 war axe (11)]
 13001 | Orc:1    | Found Ynky's Antique Weapon Shop.
 13129 | Orc:1    | Noticed an orc high priest
 13136 | Orc:1    | Noticed a sixfirhy
 13137 | Orc:1    | Killed an orc high priest
 13266 | Orc:1    | Noticed Erolcha
 13272 | Orc:1    | Killed Erolcha
 13356 | Orc:1    | Gained mutation: You are frail. (-10% HP) [potion of
                  | mutation]
 13356 | Orc:1    | Gained mutation: You are clumsy. (Dex -2) [potion of
                  | mutation]
 13356 | Orc:1    | Gained mutation: You have hidden genetic potential. [potion
                  | of mutation]
 13365 | Orc:2    | Entered Level 2 of the Orcish Mines
 13377 | Orc:2    | Reached XP level 13. HP: 73/83 MP: 16/25
 13507 | Orc:2    | Reached ****** piety under Kikubaaqudgha
 13521 | Orc:1    | Received a gift from Kikubaaqudgha
 13523 | Orc:1    | Fell from the grace of Kikubaaqudgha
 13779 | Temple   | Became a worshipper of Gozag Ym Sagoz the Greedy
 14097 | Orc:2    | Reached skill level 5 in Shields
 14604 | Orc:2    | Found Ihamud's Book Boutique.
 14606 | Orc:2    | Found a staircase to the Elven Halls.
 14707 | Orc:2    | Found Daic's Book Emporium.
 14707 | Orc:2    | Found Pisihagg's Armour Shop.
 14709 | Orc:2    | Found Ekken's Distillery.
 14711 | Orc:2    | Found Boddenteij's Armour Shoppe.
 14946 | Orc:1    | You fall into a shaft and drop 1 floor!
 15031 | D:13     | Reached skill level 5 in Dodging
 15132 | D:13     | Noticed a centaur warrior
 15140 | D:13     | Killed a centaur warrior
 15276 | D:13     | Noticed a six-headed hydra
 15310 | D:13     | Killed a six-headed hydra
 15322 | D:13     | Gained mutation: Your mind is acute. (Int +4, Str/Dex -1)
                  | [hidden potential]
 16210 | D:14     | Noticed a boulder beetle
 16210 | D:14     | Noticed a boulder beetle
 16223 | D:13     | Killed a boulder beetle
 16282 | D:14     | HP: 4/84 [boulder beetle (17)]
 16284 | D:14     | Mangled by a boulder beetle

Illustrated notes

Levels and vault maps discovered:
D:1:      erik_arrival_cave_to_civilisation [erik_arrival_cave_to_hall],
          layout_basic, ebering_ecumenical_altar_sacrificial
D:2:      layout_loops_corners, minmay_misc_feat_tower, uniq_terence
D:3:      layout_basic, cheibrodos_ashenzari_chains, lemuel_tele_altar,
          kennysheep_generic_room_10
D:4:      nicolae_cairo_tiling_very_big, layout_rooms,
          mainiacjoe_overflow_surrounded_room, mainiacjoe_overflow_catwalk,
          tgw_xom, minmay_temple_entry_offerings, serial_shops,
          nicolae_take_the_stairs, hangedman_decor_opposing,
          kennysheep_generic_room_15
D:5:      layout_basic, lemuel_mausoleum_altar_kikubaaqudgha,
          minmay_crystal_water, minmay_misc_feat_cross
D:6:      layout_basic, nicolae_wu_jian_immortal_techniques
D:7:      hellmonk_destroyed_diamonds, layout_layer_cave,
          grunt_dithmenos_shadows, enter_bailey_2
D:8:      layout_basic
D:9:      layout_loops_ring
D:10:     layout_basic, dpeg_oklobed_lair
D:11:     layout_gridville, trove_entry_hex_spiral
D:12:     layout_cave_pools, orc_0_dummy, serial_shops, shop
D:13:     layout_basic, serial_co_window_serial, co_window_corner_a,
          co_window_cross_1, co_window_corner_a, co_window_paths_a,
          co_window_paths_a, co_window_of_opportunity_c,
          co_window_unsneaky_path_b, co_window_corner_ca, co_window_corner_cb,
          co_window_broadway_b, co_window_corner_b, co_window_unsneaky_path_c,
          glass_columns_c, glass_columns_c, glass_columns_a, glass_columns_c
D:14:     layout_long_grid, erik_vaults_1, elyvilon_altar_4
Temple:   nicolae_temple_bog_church
Orc:1:    layout_diamond_mine, serial_shops, shop, abandoned_shop,
          nicolae_orc_lost_temple, uniq_erolcha
Orc:2:    st_orc_rangers, layout_caves, serial_shops, shop

Skill      XL: |  1  2  3  4  5  6  7  8  9 10 11 12 13 |
---------------+----------------------------------------+-----
Dodging        | 2 3 5 |  5.4
Armour         | 1 2 3 5 7 |  7.4
Fighting       | 1 2 3 5 7 |  7.4
Conjurations   | 4 5 6 |  6.0
Spellcasting   | 3 4 5 6 7 8 9 |  9.4
Earth Magic    | 5 8 10 12 | 12.0
Shields        | 3 4 7 |  7.2
Necromancy     | 3 9 10 12 | 12.0
Stealth        | |  2.4

Action                   |  1- 3 |  4- 6 |  7- 9 | 10-12 | 13-15 || total
-------------------------+-------+-------+-------+-------+-------++-------
Melee: Club              |     4 |       |       |       |       ||     4
       Dagger            |    35 |    17 |    25 |       |       ||    77
       Punch             |     1 |       |     1 |       |       ||     2
       Mace              |       |       |   208 |       |       ||   208
       Spear             |       |       |     4 |       |       ||     4
       Trident           |       |       |       |   244 |   145 ||   389
       Staff             |       |       |       |    58 |     7 ||    65
 Fire: Sling             |       |       |     3 |     6 |       ||     9
       Shortbow          |       |       |       |    23 |     1 ||    24
       Arbalest          |       |       |       |       |     3 ||     3
 Cast: Magic Dart        |    67 |    54 |    19 |     1 |       ||   141
       Searing Ray       |     2 |    17 |    46 |     4 |       ||    69
       Borgnjor's Vile C |       |       |     1 |    93 |    39 ||   133
       Stone Arrow       |       |       |     1 |     6 |       ||     7
Invok: Receive Forbidden |       |       |       |       |     1 ||     1
       Renounce Religion |       |       |       |       |     1 ||     1
 Abil: Dig               |       |       |     2 |     4 |     4 ||    10
       Shaft Self        |       |       |     1 |       |       ||     1
Evoke: Wand              |       |       |       |     1 |       ||     1
  Use: Scroll            |       |     1 |     5 |    11 |       ||    17
       Potion            |       |       |       |     5 |       ||     5
 Stab: Sleeping          |     1 |       |     3 |     2 |     1 ||     7
       Distracted        |       |       |       |       |     1 ||     1
Armor: Robe              |     5 |    10 |    92 |    15 |       ||   122
       Steam dragon scal |       |       |       |   110 |    70 ||   180
       Ring mail         |       |       |       |     3 |       ||     3
Dodge: Dodged            |    33 |    27 |   203 |   264 |   156 ||   683
Block: Buckler           |       |       |     3 |    90 |    50 ||   143
